 Dungeon Crawl Stone Soup version 0.31-a0-115-g4708a659fe (webtiles) character file.

Game seed: 9106058108843540535

98602 Kenran the Warrior (level 16, -11/136 (143) HPs)
             Began as a Merfolk Monk on May 28, 2023.
             Was the Champion of Wu Jian.
             Killed from afar by an orc sorcerer (15 damage)
             ... with a bolt of fire
             ... on level 2 of the Orcish Mines on May 29, 2023.
             The game lasted 00:53:02 (22521 turns).

Kenran the Warrior (Merfolk Monk)                  Turns: 22521, Time: 00:53:03

HP:   -11/136 (143) AC: 27    Str: 13    XL:     16   Next: 22%
MP:   0/25          EV: 16    Int: 12    God:    Wu Jian [******]
Gold: 3418          SH:  0    Dex: 23    Spells: 15/15 levels left

rFire   . . .        a - +0 scimitar
rCold   . . .        d - orb {light}
rNeg    . . .        O - +7 plate armour of Edut {Regen+ MP+9 Int+3}
rPois   +            S - +0 helmet
rElec   .            X - +0 cloak
rCorr   +            L - +0 pair of gloves
SInv    .            C - +0 pair of boots
Will    +....        E - amulet of guardian spirit
Stlth   +            M - ring of the Serpent {rPois rCorr Stlth+}
HPRegen 1.22/turn    T - +5 ring of evasion
MPRegen 0.19/turn

%: guardian spirit
@: exhausted, glowing, studying Throwing, lightly drained
A: (nimble swimmer 2), mertail
a: Renounce Religion, Wall Jump, Serpent's Lash, Heavenly Storm


You were on level 2 of the Orcish Mines.
You worshipped Wu Jian.
Wu Jian was exalted by your worship.
You visited 4 branches of the dungeon, and saw 23 of its levels.
You visited the Abyss 1 time.
You also visited: Sewer and Ossuary.

You collected 3418 gold pieces.

Inventory:

Hand Weapons
 a - a +0 scimitar (weapon)
 b - the +3 short sword "Qifezohedgh" {flame, rN+ Str+6 Int+2 Dex-3}
   (You found it on level 5 of the Lair of Beasts)

   Str:       It affects your strength (+6).
   Int:       It affects your intelligence (+2).
   Dex:       It affects your dexterity (-3).
   rN:        It protects you from negative energy.
Missiles
 F - 5 throwing nets (quivered)
Armour
 d - an orb of light (worn)
 C - a +0 pair of boots (worn)
 L - a +0 pair of gloves (worn)
 O - the +7 plate armour of Edut (worn) {Regen+ MP+9 Int+3}
   (You found it on level 9 of the Dungeon)

   Int:       It affects your intelligence (+3).
   MP:        It affects your magic capacity (+9).
   Regen:     It increases your rate of health regeneration.
 S - a +0 helmet (worn)
 X - a +0 cloak (worn)
Jewellery
 e - a ring of protection from cold
 l - the ring "Witasaow" {rF+ Int+2}
   (You found it on level 4 of the Lair of Beasts)

   [ring of protection from fire]

   Int:       It affects your intelligence (+2).
   rF:        It protects you from fire.
 E - an amulet of guardian spirit (around neck)
 M - the ring of the Serpent (left hand) {rPois rCorr Stlth+}
   (You acquired it on level 9 of the Dungeon)

   [ring of poison resistance]

   rPois:     It protects you from poison.
   rCorr:     It protects you from acid and corrosion.
   Stlth:     It makes you more stealthy.
 R - a ring of see invisible
 T - a +5 ring of evasion (right hand)
 W - a +4 ring of protection
Wands
 s - a wand of roots (24)
 w - a wand of charming (8)
 y - a wand of flame (32)
Scrolls
 c - 7 scrolls of blinking
 h - 4 scrolls of fog
 i - 12 scrolls of teleportation
 j - 6 scrolls of enchant weapon
 m - 7 scrolls of vulnerability {!r}
 n - 4 scrolls of amnesia {unknown}
 q - 8 scrolls of enchant armour
 r - a scroll of fear
 x - 4 scrolls of poison {!r}
 D - a scroll of silence
 G - a scroll of brand weapon {unknown}
 H - a scroll of immolation {!r}
 J - a scroll of summoning {unknown}
 U - 3 scrolls of magic mapping
Potions
 f - 2 potions of magic
 g - a potion of cancellation {unknown}
 k - 5 potions of brilliance
 o - 4 potions of enlightenment {unknown}
 p - 4 potions of might
 t - 8 potions of curing {@q1}
 u - 5 potions of degeneration {unknown}
 v - 3 potions of mutation {unknown}
 z - 2 potions of heal wounds {@q2}
 A - a potion of haste
 B - 2 potions of invisibility {unknown}
 P - a potion of attraction {!q}
Miscellaneous
 K - a box of beasts
 N - a lightning rod (4/4)
 V - a piece from Xom's chessboard (15/15)


   Skills:
 - Level 18.0 Fighting
 - Level 14.0 Long Blades
 - Level 5.0 Throwing
 - Level 10.0 Armour
 + Level 16.7 Dodging
 - Level 8.0 Stealth
 - Level 8.0 Evocations


You had 15 spell levels left.
You didn't know any spells.
Your spell library contained the following spells:

 Spells                   Type           Power      Damage    Failure   Level
 Sting                    Tmut/Pois      0%         1d3       100%        1
 Summon Small Mammal      Summ           0%         N/A       100%        1
 Poisonous Vapours        Pois/Air       0%         N/A       100%        2
 Call Canine Familiar     Summ           0%         N/A       100%        3
 Gell's Gravitas          Tloc           0%         N/A       100%        3
 Portal Projectile        Hex/Tloc       0%         N/A       100%        3
 Summon Guardian Golem    Hex/Summ       0%         N/A       100%        3
 Teleport Other           Tloc           0%         N/A       100%        3
 Tukima's Dance           Hex            0%         N/A       100%        3
 Olgreb's Toxic Radiance  Pois           0%         N/A       100%        4
 Blade Hands              Tmut           0%         N/A       100%        5
 Dispersal                Tloc           0%         N/A       100%        6


Dungeon Overview and Level Annotations

Branches:
Dungeon (15/15)            Temple (1/1) D:7            Lair (5/5) D:9
 Shoals (0/4) Lair:3        Snake (0/4) Lair:3        Slime (0/5) Lair:5
    Orc (2/2) D:12            Elf (0/3) Orc:2        Vaults (0/5) D:14
 Depths (0/4) D:15          Sewer (visited)         Ossuary (visited)

Altars:
Ashenzari
Cheibriados
Dithmenos
Elyvilon
Fedhas
Gozag
Hepliaklqana
Kikubaaqudgha
Makhleb
Nemelex Xobeh
Okawaru
Qazlal
Ru
Sif Muna
Trog
Uskayaw
Vehumet
Wu Jian
Xom
Yredelemnul
Zin
Jiyva

Shops:
Orc:2 (

Portals:
Hell: Lair:5

Annotations:
D:7 exclusion: downstairs
D:12 exclusion: obsidian statue
D:15 3 runed translucent doors, Kehih's ghost, journeyman DrMo; Roxanne
Temple 2 transporters
Lair:4 2 transporters, gyole's ghost, journeyman SpHu
Lair:5 Rupert
Orc:2 1 runed translucent door, Essalna's ghost, journeyman TeFE


Innate Abilities, Weirdness & Mutations

((You are very nimble when in or above water. (Stealth+, EV+, Speed+++)))
Your lower body shifts to a powerful aquatic tail in water.


Message History

The orc sorcerer is moderately wounded.
You slash the orc sorcerer!
The orc sorcerer is heavily wounded.
The sixfirhy barely misses you. The orc warrior completely misses you.
The orc sorcerer hits you but does no damage.
The ice devil hits you but does no damage.
The orc high priest misses you. The smoke demon hits you.
The smoke demon hits you but does no damage.
The smoke demon completely misses you. The smoke demon closely misses you.
The smoke demon hits you but does no damage.
The smoke demon closely misses you. The soul eater hits you!
You hit the orc sorcerer but do no damage.
The orc sorcerer is heavily wounded.
The smoke demon disappears in a puff of smoke!
The sixfirhy misses you. The sixfirhy hits you. The sixfirhy shocks you!
The sixfirhy barely misses you.
The orc sorcerer hits you but does no damage.
The orc warrior closely misses you.
The orc high priest jeers noisily, as Orcs often do.
The orc high priest hits you but does no damage.
The ice devil hits you. The ice devil freezes you!
* * * LOW HITPOINT WARNING * * *
The soul eater closely misses you. The smoke demon completely misses you.
The smoke demon hits you but does no damage. x2
You slash the orc sorcerer!
The orc sorcerer is almost dead.
The sixfirhy hits you.
* * * LOW HITPOINT WARNING * * *
The sixfirhy shocks you!
* * * LOW HITPOINT WARNING * * *
The sixfirhy hits you!
* * * LOW HITPOINT WARNING * * *
The sixfirhy shocks you!
* * * LOW HITPOINT WARNING * * *
The sixfirhy closely misses you.
The orc warrior hits you but does no damage.
The orc high priest misses you. The orc sorcerer casts a spell at you.
The bolt of fire hits you!
You die...

....... ###.).....#
.....≣≣≣≣≣≣≣≣≣≣≣#..).)...##
..............)........###
o.............).......##
......................#
............).........###
...............)o.......##
o.............o434§......#
..............oo@....#..####
...............33.......##.##
.......................#....#
................^..........##
............................#
..^.......)................##
..........).............#..##
............................#
.....................#.)....##


You could see a soul eater (summoned), an orc high priest, an ice devil
(summoned), a sixfirhy (summoned), a smoke demon (summoned), a chaos spawn
(summoned), an orc sorcerer, an orc warrior and an orc wizard (invisible).

Vanquished Creatures
  An ancient lich (Abyss:2)
  Jorgrun (D:15)
  A tentacled starspawn (Abyss:2)
  An orc warlord (Orc:2)
  A draconian shifter (Abyss:2)
  Snorg (D:11)
  2 ettins
  A fire dragon (D:13)
  Josephine (D:10)
  A great orb of eyes (shapeshifter) (D:9)
  Fannar (D:12)
  An entropy weaver (shapeshifter) (D:15)
  Harold (D:9)
  5 hydras
  2 ogre magi (D:15)
  A catoblepas (Lair:5)
  2 centaur warriors
  15 two-headed ogres
  A death yak (Lair:5)
  3 tengu warriors
  4 boulder beetles
  An orc high priest (Orc:2)
  A sun demon (Lair:5)
  A wretched star (Abyss:2)
  3 skysharks
  6 wizards
  3 orc knights
  Pikel (D:8)
  2 harpies (Lair:3)
  3 orc sorcerers (Orc:2)
  7 ugly things
  2 deep elf pyromancers
  4 manticores
  8 cyclopes
  A large abomination (Abyss:2)
  5 black mambas
  5 elephants (Lair:3)
  Joseph (Lair:1)
  A rust devil (Abyss:2)
  2 orange demons (Lair:5)
  2 smoke demons
  4 gargoyles
  A torpor snail (Lair:3)
  6 cane toads
  Maggie (D:7)
  6 rime drakes
  3 yaktaurs (D:15)
  An alligator snapping turtle skeleton (Abyss:2)
  Psyche (D:11)
  10 komodo dragons
  2 ice devils (Lair:5)
  A red devil (Lair:5)
  A tengu conjurer (D:9)
  A hellwing (Abyss:2)
  A polar bear (Lair:4)
  2 raiju (Abyss:2)
  7 trolls
  26 blink frogs
  2 centaur simulacra
  4 slime creatures (D:13)
  3 wyverns
  49 yaks
  5 wraiths
  A fire bat (Abyss:2)
  6 basilisks
  9 vampire mosquitoes
  A chaos spawn (Abyss:2)
  Edmund (D:4)
  4 hell hounds (Lair:5)
  17 water moccasins
  2 ice beasts (D:7)
  Pargi (Sewer)
  A sky beast (D:7)
  32 orc warriors
  2 black bears (D:6)
  14 wolves
  11 ogres
  3 small abominations (Abyss:2)
  9 centaurs
  4 lemures (D:8)
  A kobold brigand (D:9)
  12 bullfrogs
  4 elf zombies (Ossuary)
  9 scorpions
  8 wights
  16 killer bees
  An electric eel (Lair:1)
  5 centaur zombies (Ossuary)
  3 howler monkeys
  3 human zombies (Ossuary)
  3 hounds
  A gnoll bouda (D:9)
  23 orc priests
  8 jellies
  6 iguanas
  Jessica (D:2)
  11 hell rats
  30 orc wizards
  3 mummies (Ossuary)
  9 gnolls
  11 adders
  5 river rats (D:3)
  A shadow imp (D:5)
  15 white imps
  3 ufetubi
  7 worms
  2 dart slugs
  77 orcs
  11 ball pythons
  7 endoplasms
  3 giant cockroaches (D:1)
  3 goblins
  9 hobgoblins
  6 jackals (D:5)
  4 quokkas
  10 bats
  3 frilled lizards
  6 kobolds
  9 rats
  A starspawn tentacle (Abyss:2)
711 creatures vanquished.

Vanquished Creatures (others)
  A troll (D:11)
  2 starspawn tentacles (Abyss:2)
3 creatures vanquished.

Grand Total: 714 creatures vanquished

Notes
Turn   | Place    | Note
-------+----------+-------------------------------------------
     0 | D:1      | Kenran the Merfolk Monk began the quest for the Orb.
     0 | D:1      | Reached XP level 1. HP: 18/18 MP: 1/1
    65 | D:1      | Reached XP level 2. HP: 9/24 MP: 2/2
   262 | D:2      | Reached skill level 5 in Long Blades
   262 | D:2      | Reached XP level 3. HP: 24/29 MP: 3/3
   597 | D:2      | Noticed Jessica
   602 | D:2      | Killed Jessica
   603 | D:2      | Reached XP level 4. HP: 34/35 MP: 4/4
   769 | D:1      | Found a faded altar of an unknown god.
  1913 | D:3      | Reached XP level 5. HP: 28/41 MP: 5/5
  2070 | D:3      | Found a glowing drain.
  2076 | Sewer    | Entered a sewer
  2183 | Sewer    | Noticed Pargi
  2200 | Sewer    | Killed Pargi
  2201 | Sewer    | Reached XP level 6. HP: 23/47 MP: 6/6
  2993 | D:4      | Noticed Edmund
  3034 | D:4      | Killed Edmund
  3035 | D:4      | Reached XP level 7. HP: 28/52 MP: 7/7
  3223 | D:4      | Found a sand-covered staircase.
  3227 | Ossuary  | Entered an ossuary
  3290 | Ossuary  | Reached skill level 10 in Long Blades
  3315 | Ossuary  | Reached skill level 4 in Fighting
  3358 | Ossuary  | Reached skill level 5 in Fighting
  3372 | Ossuary  | Reached XP level 8. HP: 44/63 MP: 8/8
  3396 | Ossuary  | Reached skill level 6 in Fighting
  3813 | D:4      | Reached skill level 5 in Dodging
  4380 | D:5      | Entered Level 5 of the Dungeon
  5409 | D:6      | Reached XP level 9. HP: 69/69 MP: 9/9
  5426 | D:6      | Noticed a gargoyle
  5561 | D:6      | Noticed a troll
  5583 | D:6      | Killed a troll
  5699 | D:6      | Found a hazy altar of Hepliaklqana.
  5770 | D:6      | Reached skill level 7 in Fighting
  5831 | D:6      | Reached skill level 8 in Fighting
  5890 | D:6      | Reached skill level 1 in Stealth
  5938 | D:6      | Reached skill level 1 in Evocations
  6005 | D:6      | Killed a gargoyle
  6010 | D:6      | Found a bloodstained altar of Trog.
  6021 | D:6      | Reached XP level 10. HP: 64/79 MP: 7/10
  6498 | D:7      | Noticed Maggie
  6509 | D:7      | Killed Maggie
  6510 | D:7      | Reached skill level 5 in Stealth
  7319 | D:7      | Found a staircase to the Ecumenical Temple.
  7411 | Temple   | Entered the Ecumenical Temple
  7411 | Temple   | Found a transporter.
  7411 | Temple   | Found a transporter.
  7413 | Temple   | Found a transporter.
  7413 | Temple   | Found a transporter.
  7427 | Temple   | Became a worshipper of the Wu Jian Council
  7427 | Temple   | Reached * piety under Wu Jian
  7427 | Temple   | Reached ** piety under Wu Jian
  7477 | D:8      | Noticed a two-headed ogre
  7629 | D:8      | Found a snail-covered altar of Cheibriados.
  7731 | D:8      | Killed a two-headed ogre
  7894 | D:9      | Noticed Pikel
  7958 | D:8      | Killed Pikel
  7959 | D:8      | Reached skill level 10 in Dodging
  8074 | D:9      | Noticed a cyclops
  8076 | D:9      | Reached XP level 11. HP: 82/86 MP: 11/11
  8077 | D:9      | Identified the ring of the Tuna {Wiz rF++ rCorr Str-5
                  | Dex-5}
  8085 | D:9      | Killed a cyclops
  8110 | D:9      | Identified 2 scrolls of acquirement
  8111 | D:9      | Acquired the ring of the Serpent {rPois rCorr Stlth+}
  8123 | D:9      | Noticed a manticore
  8125 | D:9      | Acquired 1101 gold pieces
  8130 | D:9      | Noticed a tengu warrior
  8145 | D:9      | Noticed a two-headed ogre
  8159 | D:9      | Killed a two-headed ogre
  8270 | D:9      | Reached skill level 9 in Fighting
  8346 | D:9      | Found a staircase to the Lair.
  8500 | D:9      | Noticed a great orb of eyes
  8520 | D:9      | Killed a great orb of eyes
  8521 | D:9      | Reached skill level 10 in Fighting
  8561 | D:9      | Noticed Harold
  8583 | D:9      | Killed Harold
  8591 | D:9      | Killed a manticore
  8621 | D:9      | Noticed a manticore
  8635 | D:9      | Killed a manticore
  8636 | D:9      | Reached skill level 11 in Fighting
  8689 | D:8      | Killed a tengu warrior
  8689 | D:8      | Reached *** piety under Wu Jian
  8844 | D:9      | Identified the +7 plate armour of Edut {Regen+ MP+9 Int+3}
  9072 | D:9      | Noticed a two-headed ogre
  9083 | D:9      | Killed a two-headed ogre
  9084 | D:9      | Reached skill level 12 in Fighting
  9084 | D:9      | Reached skill level 1 in Armour
  9385 | D:10     | Entered Level 10 of the Dungeon
  9525 | D:10     | Reached XP level 12. HP: 97/102 MP: 12/12
  9660 | D:10     | Noticed a two-headed ogre
  9671 | D:10     | Killed a two-headed ogre
  9681 | D:10     | Noticed a two-headed ogre
  9701 | D:10     | Killed a two-headed ogre
  9987 | D:10     | Noticed Josephine
  9999 | D:10     | Killed Josephine
 10000 | D:10     | Reached skill level 5 in Armour
 10068 | D:10     | Reached **** piety under Wu Jian
 10153 | D:10     | Found a stormy altar of Qazlal.
 10185 | D:10     | Found a sparkling altar of Nemelex Xobeh.
 10260 | D:11     | Noticed Psyche
 10264 | D:11     | Noticed a boulder beetle
 10301 | D:11     | Killed Psyche
 10324 | D:11     | Killed a boulder beetle
 10405 | D:11     | Noticed Snorg
 10416 | D:11     | Killed Snorg
 10706 | D:11     | Noticed a two-headed ogre
 10718 | D:11     | Killed a two-headed ogre
 11433 | Lair:1   | Entered Level 1 of the Lair of Beasts
 11586 | Lair:1   | Reached XP level 13. HP: 88/108 MP: 13/13
 11679 | Lair:1   | Reached skill level 5 in Evocations
 11896 | Lair:1   | Noticed Joseph
 11925 | Lair:1   | Killed Joseph
 12016 | Lair:1   | Reached ***** piety under Wu Jian
 12891 | Lair:2   | Reached skill level 13 in Fighting
 13815 | Lair:3   | Reached skill level 14 in Fighting
 13855 | Lair:3   | Found a staircase to the Snake Pit.
 13942 | Lair:3   | Found a staircase to the Shoals.
 13966 | Lair:3   | Reached skill level 15 in Fighting
 14671 | Lair:4   | Noticed gyole's ghost (journeyman SpHu)
 14680 | Lair:4   | Found a transporter.
 14685 | Lair:4   | Found a bloodstained altar of Trog.
 14705 | Lair:4   | Reached XP level 14. HP: 123/123 MP: 14/14
 14736 | Lair:4   | Found a transporter.
 15062 | Lair:4   | Reached skill level 15 in Dodging
 15338 | Lair:4   | Identified the ring "Witasaow" {rF+ Int+2}
 15473 | Lair:5   | Entered Level 5 of the Lair of Beasts
 15474 | Lair:5   | Upgraded the game from 0.31-a0-112-gdf0485fa37 to
                  | 0.31-a0-115-g4708a659fe
 15777 | Lair:5   | Reached ****** piety under Wu Jian
 15989 | Abyss:2  | Cast into level 2 of the Abyss (a wizard)
 16071 | Abyss:2  | Noticed an ancient lich
 16095 | Abyss:2  | Killed an ancient lich
 16126 | Abyss:2  | Reached skill level 1 in Throwing
 16313 | Abyss:2  | Noticed a purple draconian shifter
 16372 | Abyss:2  | Noticed a tentacled starspawn
 16379 | Abyss:2  | Killed a purple draconian shifter
 16380 | Abyss:2  | Reached skill level 5 in Throwing
 16387 | Abyss:2  | Killed a tentacled starspawn
 16390 | Lair:5   | Escaped the Abyss
 16489 | Lair:5   | Found a burning altar of Makhleb.
 16699 | Lair:5   | Noticed Rupert
 16703 | Lair:5   | Found a staircase to the Slime Pits.
 16946 | Lair:5   | Found a viscous altar of Jiyva.
 17086 | Lair:5   | Reached XP level 15. HP: 115/129 MP: 15/15
 17095 | Lair:5   | Found a gateway to Hell.
 17102 | Lair:5   | Identified the +3 short sword "Qifezohedgh" {flame, rN+
                  | Str+6 Int+2 Dex-3}
 17514 | D:12     | Noticed Fannar
 17540 | D:12     | Killed Fannar
 17856 | D:12     | Found a staircase to the Orcish Mines.
 18519 | D:13     | Reached skill level 10 in Armour
 18789 | D:13     | Identified the +2 leather armour "Taddedud" {Int+3}
 19603 | D:14     | Reached skill level 16 in Fighting
 19634 | D:14     | Found a gate to the Vaults.
 19690 | D:15     | Entered Level 15 of the Dungeon
 19940 | D:15     | Found a staircase to the Depths.
 19985 | D:15     | Reached skill level 17 in Fighting
 20051 | D:15     | Found a runed translucent gate.
 20051 | D:15     | Found a runed translucent gate.
 20051 | D:15     | Found a runed translucent gate.
 20625 | D:15     | Noticed Roxanne
 20760 | D:15     | Noticed Jorgrun
 20771 | D:15     | Killed Jorgrun
 20772 | D:15     | Reached skill level 18 in Fighting
 20772 | D:15     | Reached XP level 16. HP: 104/143 MP: 16/16
 20866 | D:15     | Noticed Kehih's ghost (journeyman DrMo)
 21100 | Orc:1    | Entered Level 1 of the Orcish Mines
 21364 | Orc:2    | Entered Level 2 of the Orcish Mines
 21409 | Orc:2    | Found a runed translucent door.
 21411 | Orc:2    | Noticed Essalna's ghost (journeyman TeFE)
 21788 | Orc:2    | Found Yboicuogh's Weapon Emporium.
 21922 | Orc:2    | Paralysed by an orc sorcerer for 2 turns
 22057 | Orc:2    | Found a staircase to the Elven Halls.
 22408 | Orc:2    | Paralysed by an orc sorcerer for 4 turns
 22521 | Orc:2    | HP: 4/136 [sixfirhy[an orc sorcerer] (8)]
 22521 | Orc:2    | Killed from afar by an orc sorcerer

Illustrated notes

Levels and vault maps discovered:
D:1:      wander_arrival_desolate, layout_basic, serial_aquarium,
          aquarium_bridge_long_joined [aquarium_subvault_wall,
          aquarium_subvault_wall, aquarium_subvault_wall,
          aquarium_subvault_wall, aquarium_subvault_bridge,
          aquarium_subvault_bridge], aquarium_window_corner,
          aquarium_window_fake, aquarium_view_2g, ebering_ecumenical_altar_box,
          minmay_tree_intersection, hex_large
D:2:      layout_loops_ring, minmay_misc_feat_room, minmay_misc_feat_tiny,
          serial_bayou_pond_d, uniq_jessica
D:3:      layout_loops_ring, lightli_sewer_entry_pipes
D:4:      layout_layer_cave, enter_ossuary_5, minmay_misc_feat_doors,
          uniq_edmund
D:5:      layout_basic
D:6:      minmay_bubble_buster, layout_cave_pools, grunt_temple_overflow_open,
          minmay_misc_feat_enclosed, minmay_manual_maat
D:7:      layout_loops_corners, temple_hall, corexii_hall_statues_i, uniq_maggie
D:8:      layout_basic, kennysheep_slug_shrine, serial_glass, glass_columns_a,
          glass_columns_a
D:9:      minmay_the_grid_four_pointed_star [minmay_the_grid_triangle_9x9_steps,
          minmay_the_grid_triangle_9x9_wacky_v,
          minmay_the_grid_triangle_9x9_zippers_horizontal,
          minmay_the_grid_triangle_9x9_dagger,
          minmay_the_grid_prize_four_corners_diamond_b], layout_stronghold,
          roderic_serpentine_path, hangedman_decor_opposing, uniq_harold,
          uniq_pikel
D:10:     layout_rooms, mainiacjoe_overflow_two_lobes, uniq_josephine
D:11:     layout_loops_corners, uniq_snorg, uniq_psyche
D:12:     layout_layer_cave, portal_ice_cave_entry_imps, minivault_16,
          uniq_fannar
D:13:     layout_roguey
D:14:     layout_rooms, david_vaults_1, serial_park_avenue1, kennysheep_nub,
          minmay_microvault
D:15:     hangedman_depths_entry_civil_slaughter, layout_stronghold,
          gammafunk_ghost_tricky_traps, grunt_decor_fettered, uniq_jorgrun,
          uniq_roxanne
Temple:   hellmonk_temple_divided_pantheon
Lair:1:   layout_cave_pods, serial_bayou_shore_a, grunt_megastairs_3,
          lemuel_fruit_tree, uniq_joseph
Lair:2:   layout_loops_ring, minivault_24
Lair:3:   layout_roguey, nicolae_shoals_entry_roost,
          minmay_snake_entry_six_corridors
Lair:4:   layout_regular_city, gammafunk_ghost_wrathful_warriors
Lair:5:   evil_forest, layout_loops_ring, nicolae_slime_entry_field_trip,
          grunt_forest_small_clearings, infiniplex_staircase_pool_2, uniq_rupert
Orc:1:    layout_diamond_mine
Orc:2:    st_orc_congregation, layout_caves, ebering_ghost_inner_flame,
          serial_shops, nicolae_shop_statue_plus

Skill      XL: |  1  2  3  4  5  6  7  8  9 10 11 12 13 14 15 16 |
---------------+-------------------------------------------------+-----
Long Blades    | 4 5 6 8 9 10 11 12 14 | 14.0
Fighting       | 5 6 8 12 15 18 | 18.0
Dodging        | 7 8 11 12 13 15 16 | 16.7
Stealth        | 3 5 8 |  8.0
Evocations     | 2 3 4 6 8 |  8.0
Armour         | 2 8 9 10 | 10.0
Throwing       | 5 |  5.0

Action                     |  1- 3 |  4- 6 |  7- 9 | 10-12 | 13-15 | 16-18 || total
---------------------------+-------+-------+-------+-------+-------+-------++-------
  Melee: Falchion          |    53 |       |   191 |       |       |       ||   244
         Dagger            |     5 |   198 |     7 |       |       |       ||   210
         Tailslap          |       |     7 |       |       |     1 |       ||     8
         Short sword       |       |       |   103 |    40 |    60 |       ||   203
         Long sword        |       |       |   150 |   836 |   130 |       ||  1116
         Scimitar          |       |       |       |       |  1650 |   495 ||  2145
 Invoke: Serpent's Lash    |       |       |       |     1 |     9 |     5 ||    15
Ability: Lunge             |       |       |       |    20 |    66 |    28 ||   114
         Whirlwind         |       |       |       |   185 |   480 |   148 ||   813
         Wall Jump         |       |       |       |    10 |     6 |     8 ||    24
  Evoke: Wand              |       |       |     3 |     9 |       |       ||    12
         Lightning rod     |       |       |       |     4 |     1 |       ||     5
         Box of beasts     |       |       |       |       |     1 |       ||     1
    Use: Potion            |     1 |     3 |     6 |     3 |     7 |       ||    20
         Scroll            |       |     5 |     2 |     6 |    10 |     2 ||    25
   Stab: Sleeping          |       |       |       |     2 |       |       ||     2
         Distracted        |       |       |       |     1 |       |       ||     1
 Armour: Robe              |    19 |    13 |       |       |       |       ||    32
         Skin              |       |     5 |       |       |       |       ||     5
         Troll leather arm |       |     5 |    86 |    40 |       |       ||   131
         Plate armour      |       |       |       |   191 |   790 |   154 ||  1135
  Dodge: Dodged            |    64 |   106 |   290 |   448 |   830 |   272 ||  2010

Table legend: (Time is in decaauts)
 A = Elapsed time spent in this place.
 B = Non-inter-level travel time spent in this place.
 C = Inter-level travel time spent in this place.
 D = Time resting spent in this place.
 E = Time spent auto-exploring this place.
 F = Levels seen in this place.
 G = Mean time per level.
                   A        B        C        D        E       F      G
               +--------+--------+--------+--------+--------+-----+--------+
         Total |  21734 |  20597 |   1137 |   2307 |  12351 |  26 |  835.9 |
       Dungeon |  14210 |  13316 |    894 |   1396 |   8420 |  15 |  947.3 |
        Temple |     30 |     18 |     12 |      0 |      0 |   1 |   30.0 |
          Lair |   5202 |   5013 |    189 |    480 |   3126 |   5 | 1040.4 |
  Orcish Mines |   1323 |   1283 |     40 |    143 |    623 |   2 |  661.5 |
         Abyss |    350 |    350 |      0 |     89 |     21 |   1 |  350.0 |
         Sewer |    361 |    361 |      0 |    183 |    113 |   1 |  361.0 |
       Ossuary |    255 |    255 |      0 |     14 |     48 |   1 |  255.0 |
               +--------+--------+--------+--------+--------+-----+--------+

Top non-repeatable levels by time:
     D:9: 1521 daAuts
  Lair:5: 1389 daAuts
    D:15: 1188 daAuts
    D:11: 1163 daAuts
     D:7: 1136 daAuts
     D:4: 1064 daAuts
  Lair:1: 1058 daAuts
  Lair:2: 1020 daAuts
     D:5: 1016 daAuts
    D:12: 1010 daAuts
   Orc:2: 990 daAuts
     D:2: 952 daAuts
  Lair:4: 912 daAuts
     D:6: 871 daAuts
    D:10: 859 daAuts
